 Dungeon Crawl Stone Soup version 0.27-a0-1200-g94dc6ad4cf (webtiles) character file.

Game seed: 10582985617542925272

1493823 Ge0ff the Blinker (level 27, 192/192 HPs)
             Began as a Human Artificer on May 31, 2021.
             Was a High Priest of Cheibriados.
             Escaped with the Orb
             ... and 3 runes!
             The game lasted 04:40:32 (105972 turns).

Ge0ff the Blinker (Human Artificer)               Turns: 105972, Time: 04:40:33

Health: 192/192    AC: 31    Str: 29    XL:     27
Magic:  41/41      EV: 27    Int: 36    God:    Cheibriados [*****.]
Gold:   4635       SH: 27    Dex: 33    Spells: 12/54 levels left

rFire    + . .     SeeInvis +   a - +2 demon blade "Doc Roze" {venom, +Blink rElec Will+}
rCold    + + .     Faith    .   r - +5 kite shield
rNeg     . . .     Spirit   .   v - +7 Kryia's mail coat {PotionHeal*2 rC+}
rPois    +         Reflect  +   x - +1 hat "Peiwaned" {Drain +Inv rPois}
rElec    +         Harm     .   Y - +2 cloak {Stlth+}
rCorr    +         Rampage  .   Q - +2 pair of gloves "Aluadd" {Regen+ Dex+5 SInv}
Will     ++++.                  H - +2 pair of boots
Stlth    +++.......             C - amulet of Yvun {Reflect rCorr SH+5}
HPRegen  1.42/turn              i - ring of Elehath {Contam rF+ rC+ Will+ AC+4, =R}
MPRegen  0.27/turn              D - +6 ring of intelligence

@: studying 2 skills, very slow
A: see invisible, frail 1, poison resistance
0: Orb of Zot
}: 3/15 runes: decaying, serpentine, silver
a: Renounce Religion, Evoke Blink, Evoke Invisibility, Bend Time, Temporal
Distortion, Slouch, Step From Time


You escaped.
You worshipped Cheibriados.
Cheibriados was extremely pleased with you.
You visited 11 branches of the dungeon, and saw 53 of its levels.
You also visited: Ossuary, Ice Cave and Volcano.

You collected 10084 gold pieces.
You spent 5449 gold pieces at shops.

Inventory:

Hand Weapons
 a - the +2 demon blade "Doc Roze" (weapon) {venom, +Blink rElec Will+}
   (You acquired it on level 4 of the Vaults)

   It poisons the flesh of those it strikes.
   It insulates you from electricity.
   It lets you blink.
   It increases your willpower.
 b - the +5 short sword of Hatred {elec, Dex+2}
   (You found it on level 3 of the Crypt)

   Occasionally, upon striking a foe, it can discharge electrical energy and
   cause terrible harm.
   It affects your dexterity (+2).
 h - a +9 spectral double sword
 w - the +5 dagger of Coreshroph {vamp, rC- rN+++}
   (You found it on level 13 of the Dungeon)

   It inflicts no extra harm, but heals its wielder when it wounds a living foe.
   It makes you vulnerable to cold.
   It renders you almost immune to negative energy.
 Z - the +8 arc blade {discharge, rElec}
   (You took it off a green draconian on level 2 of the Realm of Zot)

   It insulates you from electricity.
Missiles
 g - 5 throwing nets {=f}
Armour
 r - a +5 kite shield (worn)
 v - the +7 Kryia's mail coat (worn) {PotionHeal*2 rC+}
   (You took it off a deep elf blademaster on level 3 of the Elven Halls)

   It protects you from cold.
 x - the +1 hat "Peiwaned" (worn) {Drain +Inv rPois}
   (You found it on level 6 of the Dungeon)

   It protects you from poison.
   It lets you turn invisible.
   It drains your maximum health when unequipped.
 H - a +2 pair of boots (worn)
 Q - the +2 pair of gloves "Aluadd" (worn) {Regen+ Dex+5 SInv}
   (You found it on level 1 of the Snake Pit)

   It affects your dexterity (+5).
   It lets you see invisible.
   It increases your rate of health regeneration.
 Y - a +2 cloak of stealth (worn)
Jewellery
 f - an amulet of regeneration
 i - the ring of Elehath (left hand) {Contam rF+ rC+ Will+ AC+4, =R}
   (You found it on level 3 of the Elven Halls)

   [ring of protection]

   It affects your AC (+4).
   It protects you from fire.
   It protects you from cold.
   It causes magical contamination when unequipped.
   It increases your willpower.
 l - the macabre finger necklace {rN+}
   (You found it on level 2 of the Depths)

   [amulet of nothing]

   It enables you to equip an extra ring.
   It protects you from negative energy.
 C - the amulet of Yvun (around neck) {Reflect rCorr SH+5}
   (You bought it in a shop on level 2 of the Orcish Mines)

   [amulet of reflection]

   It reflects blocked missile attacks.
   It protects you from acid and corrosion.
   It affects your SH (+5).
 D - a +6 ring of intelligence (right hand)
 J - the brooch of Shielding {Spirit SH+8}
   (You took it off a deep elf demonologist on level 3 of the Elven Halls)

   [amulet of guardian spirit]

   It causes incoming damage to be divided between your reserves of health and
   magic.
   It affects your SH (+8).
Wands
 d - a wand of digging (7)
 j - a wand of acid (14)
 k - a wand of iceblast (24)
 p - a wand of paralysis (19)
 s - a wand of mindburst (16)
 P - a wand of polymorph (11)
Scrolls
 m - 4 scrolls of magic mapping
 u - a scroll of holy word
 y - 2 scrolls of immolation
 B - 3 scrolls of blinking
 E - 9 scrolls of fear
 F - 11 scrolls of fog
 S - 2 scrolls of summoning
 T - 17 scrolls of teleportation
 V - 9 scrolls of vulnerability
Potions
 o - 5 potions of ambrosia
 q - 23 potions of curing
 z - 7 potions of brilliance
 A - 10 potions of attraction
 G - a potion of mutation {!q}
 I - 2 potions of invisibility
 K - 3 potions of magic {!q}
 L - 14 potions of lignification
 M - 7 potions of might
 N - 5 potions of cancellation {!q}
 R - 5 potions of resistance
 W - 8 potions of heal wounds {!q}
 X - a potion of flight
Miscellaneous
 c - a condenser vane
 n - a phial of floods
 t - a tin of tremorstones (inert)
 O - a box of beasts
 U - a phantom mirror


   Skills:
 - Level 17.0 Fighting
 - Level 10.0(12.9) Short Blades
 + Level 13.5(14.6) Long Blades
 - Level 6.0 Throwing
 - Level 12.0 Armour
 + Level 14.8 Dodging
 - Level 17.0 Stealth
 - Level 15.0 Shields
 - Level 14.0 Spellcasting
 - Level 14.0 Conjurations
 - Level 10.0 Hexes
 - Level 15.0 Summonings
 - Level 12.0 Necromancy
 * Level 17.7 Translocations
 - Level 14.0 Transmutations
 - Level 12.0 Earth Magic
 - Level 15.0 Invocations
 - Level 15.0 Evocations


You had 12 spell levels left.
You knew the following spells:

 Your Spells              Type           Power      Damage    Failure   Level
c - Blink                 Tloc           N/A        N/A       0%          2
g - Apportation           Tloc           100%       N/A       0%          1
k - Borgnjor's Vile Clut  Necr/Erth      42%        N/A       1%          5
m - Iskenderun's Mystic   Conj/Tloc      96%        2d19      1%          4
s - Dazzling Flash        Conj/Hex       100%       N/A       1%          3
t - Confusing Touch       Hex            77%        N/A       1%          3
w - Passwall              Tmut/Erth      72%        N/A       1%          2
y - Yara's Violent Unrav  Hex/Tmut       42%        3d17      1%          5
C - Lee's Rapid Deconstr  Erth           42%        3d21*     1%          5
E - Irradiate             Conj/Tmut      45%        3d28      1%          5
M - Malign Gateway        Summ/Tloc      48%        N/A       2%          7

Your spell library contained the following spells:

 Spells                   Type           Power      Damage    Failure   Level
 Beastly Appendage        Tmut           100%       N/A       0%          1
 Magic Dart               Conj           100%       1d8       0%          1
 Summon Small Mammal      Summ           100%       N/A       0%          1
 Call Imp                 Summ           93%        N/A       0%          2
 Searing Ray              Conj           100%       3d7       0%          2
 Wereblood                Tmut           90%        N/A       0%          2
 Gell's Gravitas          Tloc           50%        N/A       0%          3
 Lesser Beckoning         Tloc           50%        N/A       0%          3
 Teleport Other           Tloc           100%       N/A       0%          3
 Animate Skeleton         Necr           100%       N/A       1%          1
 Corona                   Hex            85%        N/A       1%          1
 Foxfire                  Conj/Fire      100%       2x1d9     1%          1
 Pain                     Necr           100%       1d9       1%          1
 Sandblast                Erth           100%       2d20      1%          1
 Shock                    Conj/Air       100%       1d9       1%          1
 Sting                    Tmut/Pois      100%       1d8       1%          1
 Corpse Rot               Necr/Air       N/A        N/A       1%          2
 Ensorcelled Hibernation  Hex/Ice        100%       N/A       1%          2
 Slow                     Hex            77%        N/A       1%          2
 Static Discharge         Conj/Air       66%        N/A       1%          2
 Call Canine Familiar     Summ           93%        N/A       1%          3
 Conjure Flame            Conj/Fire      66%        6-21      1%          3
 Ignite Poison            Fire/Tmut/Pois 56%        N/A       1%          3
 Inner Flame              Hex/Fire       57%        N/A       1%          3
 Mephitic Cloud           Conj/Pois/Air  56%        N/A       1%          3
 Portal Projectile        Hex/Tloc       100%       N/A       1%          3
 Spider Form              Tmut/Pois      33%        N/A       1%          3
 Stone Arrow              Conj/Erth      100%       3d13      1%          3
 Summon Guardian Golem    Hex/Summ       86%        N/A       1%          3
 Vampiric Draining        Necr           42%        2d12      1%          3
 Animate Armour           Summ/Erth      100%       N/A       1%          4
 Animate Dead             Necr           42%        N/A       1%          4
 Cause Fear               Hex            38%        N/A       1%          4
 Fulminant Prism          Conj/Hex       42%        3d20      1%          4
 Ice Form                 Ice/Tmut       66%        N/A       1%          4
 Leda's Liquefaction      Hex/Erth       40%        N/A       1%          4
 Petrify                  Tmut/Erth      87%        N/A       1%          4
 Summon Ice Beast         Ice/Summ       68%        N/A       1%          4
 Summon Lightning Spire   Summ/Air       68%        N/A       1%          4
 Agony                    Necr           84%        N/A       1%          5
 Excruciating Wounds      Necr           42%        N/A       1%          5
 Hydra Form               Tmut           45%        N/A       1%          5
 Iskenderun's Battlesphe  Conj           90%        2d14      1%          5
 Manifold Assault         Tloc           100%       N/A       1%          5
 Summon Forest            Summ/Tloc      48%        N/A       1%          5
 Summon Mana Viper        Hex/Summ       86%        N/A       1%          5
 Blade Hands              Tmut           45%        N/A       1%          6
 Iron Shot                Conj/Erth      43%        9d8       1%          6
 Shadow Creatures         Summ           N/A        N/A       1%          6
 Statue Form              Tmut/Erth      58%        N/A       1%          6
 Bolt of Magma            Conj/Fire/Erth 36%        4d16      2%          5
 Poisonous Vapours        Pois/Air       50%        N/A       4%          2
 Lightning Bolt           Conj/Air       33%        1d50      4%          5
 Monstrous Menagerie      Summ           46%        N/A       4%          7
 Summon Hydra             Summ           46%        N/A       4%          7
 Spellforged Servitor     Conj/Summ      46%        N/A       6%          7
 Dragon Form              Tmut           45%        N/A       8%          7
 Orb of Destruction       Conj           45%        9d15      8%          7
 Swiftness                Air            25%        N/A       9%          3
 Haunt                    Necr/Summ      44%        N/A       9%          7
 Metabolic Englaciation   Hex/Ice        28%        N/A       10%         5
 Silence                  Hex/Air        28%        N/A       10%         5
 Eringya's Noxious Bog    Tmut/Pois      33%        N/A       24%         6
 Airstrike                Air            12%        N/A       26%         4
 Olgreb's Toxic Radiance  Pois           25%        N/A       26%         4
 Simulacrum               Ice/Necr       31%        N/A       34%         6
 Summon Horrible Things   Summ           46%        N/A       36%         8
 Freezing Cloud           Conj/Ice/Air   28%        6-21      54%         6
 Necromutation            Tmut/Necr      43%        N/A       65%         8
 Borgnjor's Revivificati  Necr           42%        N/A       78%         8
 Infestation              Necr           42%        N/A       78%         8
 Discord                  Hex            38%        N/A       96%         8
 Dragon's Call            Summ           46%        N/A       99%         9
 Ozocubu's Refrigeration  Ice            12%        4d7       100%        7
 Ignition                 Fire           12%        3d6       100%        8
 Death's Door             Necr           42%        N/A       100%        9
 Shatter                  Erth           42%        3d33*     100%        9


Dungeon Overview and Level Annotations

Branches:
Dungeon (15/15)            Temple (1/1) D:4            Lair (6/6) D:8
  Swamp (4/4) Lair:3        Snake (4/4) Lair:3        Slime (0/5) Lair:5
    Orc (2/2) D:10            Elf (3/3) Orc:2        Vaults (5/5) D:13
  Crypt (3/3) Vaults:3       Tomb (0/3) Crypt:3      Depths (5/5) D:15
    Zot (5/5) Depths:5    Ossuary (visited)           IceCv (visited)
Volcano (visited)

Altars:
Ashenzari
Cheibriados
Dithmenos
Elyvilon
Fedhas
Gozag
Hepliaklqana
Kikubaaqudgha
Makhleb
Nemelex Xobeh
Okawaru
Qazlal
Ru
Sif Muna
Trog
Uskayaw
Vehumet
Wu Jian
Xom
Yredelemnul
Zin
The Shining One
Beogh
Jiyva

Shops:
D:3 ?   D:4 (   Orc:2 *=((   Elf:1 !   Elf:2 ![   Elf:3 =   Snake:3 (
Depths:1 [   Depths:5 *

Portals:
Hell: Depths:1 Depths:2 Depths:3 Depths:4 Depths:5
Abyss: Depths:1 Depths:4
Pandemonium: Depths:2 Depths:3 Depths:4 Depths:5
Ziggurat: Depths:3


Innate Abilities, Weirdness & Mutations

You have supernaturally acute eyesight. (SInv)
You are frail. (-10% HP)
Your system is resistant to poisons. (rPois)


Message History

You climb upwards.
There is a stone staircase leading down here.
There is a stone staircase leading up here.
You climb upwards.
There is a stone staircase leading down here.
You see here a +0 morningstar.
There is a stone staircase leading up here.
You climb upwards.
There is a stone staircase leading down here.
An Orb Guardian comes into view.
The Orb Guardian completely misses you.
You riposte.
You hit the Orb Guardian.
The Orb Guardian is lightly wounded.
The Orb Guardian hits you but does no damage.
Casting: Irradiate (mildly dangerous; 1% risk of failure)
Confirm with . or Enter, or press ? or * to list all spells.
Aiming: Passwall (safe; 1% risk of failure)
Press: ? - help, Dir - move target A rock wall.
This square is covered in magical glow.
You block the Orb Guardian's attack.
You begin to meditate on the wall.
You continue meditating on the rock.
The Orb Guardian hits you but does no damage.
You continue meditating on the rock.
You block the Orb Guardian's attack. x2
You finish merging with the rock.
Casting: Passwall (safe; 1% risk of failure)
Confirm with . or Enter, or press ? or * to list all spells.
Aiming: Passwall (safe; 1% risk of failure)
Press: ? - help, Dir - move target A rock wall.
This square is covered in magical glow.
You begin to meditate on the wall.
You continue meditating on the rock. x2
You finish merging with the rock.
Unknown command.
You climb upwards.
There is a stone staircase leading down here.
(D) Dungeon (T) Temple (L) Lair (S) Swamp (P) Snake Pit (M) Slime Pits (O) Orcish Mines (E) Elven Halls (V) Vaults (C) Crypt (W) Tomb (U) Depths (H) Hell (Z) Zot
Where to? (Enter - D:1 @ (x,y), ? - help) Magic restored.
There is a stone staircase leading up here.
You climb upwards.
There is a stone staircase leading down here.
There is a stone staircase leading up here.
You climb upwards.
There is a stone staircase leading down here.
There is a staircase leading out of the dungeon here.
You have escaped!

#....#.#.#.#.......# #.##
##...#.#.#.#.######### #.##
.....#.#.#.#.........# #.##
.##..#.#.#.#.#######.# #...
.....#.#.#.#.......#.###########.
.###.#.#.#.#.#.#####.............
.###.#.#...#.#.#...###.#########.
..##.#.#####.#.#.#.# #.# #.
.....#.....#.#.#@#.###.## #.
..########.#.#.###.##...# #####.
.....#.......#.....##...####.....
.###.#######.#######......##.###[
.# #.# #.# #....>........# #> .#
#.# #.# #..........##.###) .###.#
#.# ######...#........ .....# #.#
#............ ####.# #.#
####...#.####


There were no monsters in sight!

Vanquished Creatures
  4 dread liches
  5 orbs of fire
  2 juggernauts (Depths:3)
  Boris (Depths:4)
  The ghost of Fiylet the Palentonga Aeon, a veteran PaDe of Cheibriados (Depths:4)
  8 Killer Klowns
  Bai Suzhen (Crypt:2)
  the Lernaean hydra (Swamp:4)
  Frederick (Vaults:2)
  3 curse toes
  Vashnia (Snake:4)
  The ghost of Jimaaf the Impregnable, an adept DDFi of Uskayaw (Zot:4)
  Nikola (Vaults:2)
  19 golden dragons
  A pandemonium lord (Zot:3)
  Jory (Depths:5)
  A bone dragon (Depths:5)
  A Brimstone Fiend (Zot:5)
  Jorgrun (D:12)
  13 tentacled monstrosities
  A Tzitzimitl (Depths:2)
  2 electric golems (Zot:5)
  An Ice Fiend (Zot:4)
  23 Orb Guardians
  2 deep elf blademasters
  Asterion (Vaults:2)
  4 titans
  4 liches
  8 death cobs
  8 quicksilver dragons
  2 deep elf master archers (Elf:3)
  3 ancient champions
  3 thorn hunters (Swamp:2)
  8 tengu reavers
  11 shadow dragons
  2 sphinxes
  Donald (Vaults:1)
  15 storm dragons
  Roxanne (Snake:3)
  4 draconian monks
  4 draconian knights
  2 revenants
  5 nagarajas (Snake:4)
  9 fire giants
  3 iron dragons (Vaults:5)
  A fenstrider witch (Swamp:1)
  5 draconian scorchers
  3 draconian shifters
  3 ghost moths
  2 curse skulls (Crypt:3)
  5 draconian stormcallers
  10 deep elf sorcerers
  Louise (Swamp:2)
  An orc warlord (Orc:1)
  Aizul (Snake:2)
  9 frost giants
  6 deep elf elementalists
  A caustic shrike zombie (Depths:2)
  20 vault wardens
  9 draconian annihilators
  9 reapers
  14 ironbound preservers
  6 ghouls
  A war gargoyle (Vaults:3)
  8 quicksilver oozes (Depths:4)
  5 vampire knights
  24 very ugly things
  7 stone giants
  8 green draconians
  A minotaur (shapeshifter) (D:15)
  10 black draconians
  An entropy weaver (Vaults:5)
  8 deep elf demonologists
  11 yellow draconians
  4 bunyips
  2 lorocyprocas
  8 deep elf annihilators
  11 purple draconians
  Nessos (Orc:2)
  4 spark wasps (Depths:3)
  16 red draconians
  11 white draconians
  15 deep elf death magi
  10 eidola
  4 eleionomae
  5 dire elephants
  A blizzard demon (D:15)
  10 jiangshi
  10 ettins
  A mummy priest (Crypt:3)
  3 shambling mangroves (Swamp:2)
  7 great orbs of eyes
  A green death (Depths:2)
  3 crystal guardians (Vaults:3)
  10 fire dragons
  A merfolk impaler (Depths:3)
  9 deep elf high priests
  A quicksilver dragon zombie (Crypt:3)
  6 ice dragons
  18 yaktaur captains
  3 peacekeepers
  24 naga warriors
  4 salamander tyrants (Snake:4)
  4 rakshasas
  11 ironbound thunderhulks
  27 hydras
  A hell beast (Depths:3)
  2 quicksilver dragon skeletons (Crypt:3)
  29 vault guards
  4 boulder beetles
  2 ghost crabs
  20 centaur warriors
  16 anacondas
  3 spriggan air magi
  10 ironbound frosthearts
  5 catoblepae
  27 dancing weapons
  12 tengu warriors
  13 deep troll shamans
  8 two-headed ogres
  2 death knights
  2 alligators (Swamp:2)
  A deep troll earth mage (Depths:1)
  5 vampire magi
  4 shock serpents
  14 deep elf knights
  A titan zombie (Depths:3)
  15 death yaks
  11 hell knights
  6 spriggan berserkers
  3 sun demons
  4 ironbound beastmasters
  12 naga sharpshooters
  10 soul eaters
  The ghost of jather the Cleaver, a novice HOFi (D:6)
  A fire crab (shapeshifter) (D:15)
  4 salamander mystics
  2 shadow wraiths
  22 skeletal warriors
  2 goliath frogs (Swamp:4)
  A sixfirhy (Depths:2)
  A death drake (Swamp:4)
  An infernal demonspawn (Zot:2)
  6 iron trolls
  A shadow demon (Depths:5)
  3 spriggan druids
  3 titan skeletons
  2 golden dragon zombies
  10 swamp dragons
  47 deep trolls
  2 orange crystal statues
  5 deep elf archers
  2 glowing orange brains
  3 flayed ghosts
  13 wizards
  16 naga ritualists
  14 bog bodies
  An obsidian statue (Zot:2)
  A golden dragon skeleton (Depths:2)
  6 lindwurms
  16 phantasmal warriors
  A goliath frog zombie (Crypt:2)
  3 orc knights (Orc:2)
  12 mana vipers
  An anaconda skeleton (Crypt:3)
  A lindwurm (shapeshifter) (D:13)
  20 ironbound convokers
  A shadow dragon zombie (Depths:2)
  2 frost giant zombies
  31 deep elf pyromancers
  A harpy (Vaults:1)
  3 stone giant zombies (Depths:2)
  3 orc sorcerers
  27 deep elf zephyrmancers
  23 necromancers
  3 will-o-the-wisps
  27 salamanders
  4 wolf spiders
  50 ugly things
  2 oklob plants
  2 manticores (Lair:6)
  Joseph (D:7)
  An iron dragon zombie (Depths:2)
  An iron dragon skeleton (Crypt:3)
  27 moths of wrath
  9 cyclopes
  A fire giant zombie (Depths:3)
  8 guardian serpents
  A fire giant skeleton (Depths:2)
  2 stone giant skeletons
  5 elephants (Lair:3)
  45 black mambas
  2 rust devils
  18 naga magi
  2 frost giant skeletons (Depths:2)
  2 smoke demons
  15 vault sentinels
  4 ice statues
  2 molten gargoyles (Volcano)
  A storm dragon simulacrum (Depths:2)
  2 torpor snails
  An eye of devastation (Snake:2)
  2 gargoyles
  2 orange demons
  12 cane toads
  A swamp worm zombie (Crypt:2)
  3 dire elephant zombies (Crypt:3)
  3 rime drakes
  8 freezing wraiths
  An iron troll zombie (Crypt:2)
  An unseen horror (D:11)
  A spark wasp simulacrum (Depths:2)
  5 tengu conjurers
  40 yaktaurs
  2 kobold demonologists
  2 tormentors (Depths:4)
  An efreet (Volcano)
  12 komodo dragons
  15 hellwings
  3 spriggan skeletons
  A yellow draconian skeleton (Crypt:3)
  7 ice devils
  3 red devils
  5 jumping spiders (Crypt:3)
  A guardian mummy (Crypt:3)
  A silent spectre (Orc:1)
  A merfolk (D:15)
  15 hornets
  12 trolls
  A hornet (shapeshifter) (D:13)
  5 polar bears (Lair:4)
  A jumping spider (shapeshifter) (Vaults:5)
  A polar bear (shapeshifter) (Snake:4)
  A hydra zombie (Crypt:3)
  28 slime creatures
  A tarantella zombie (Crypt:1)
  A slime creature (shapeshifter) (Vaults:5)
  7 tyrant leeches
  7 dream sheep (Lair:6)
  23 blink frogs
  An iron dragon simulacrum (Depths:2)
  A fire dragon zombie (Crypt:1)
  A frost giant simulacrum (Depths:2)
  An ettin zombie (Crypt:3)
  3 spriggan zombies (Depths:2)
  A fire giant simulacrum (Depths:2)
  3 air elementals (Elf:1)
  30 flying skulls
  A spriggan simulacrum (Depths:2)
  9 water elementals
  3 shadows
  2 redbacks (Crypt:3)
  8 spriggans
  5 wyverns
  Sigmund (D:3)
  A black mamba zombie (Crypt:3)
  2 fire bats (Volcano)
  2 ynoxinuls
  16 fire elementals
  9 wraiths
  A tyrant leech zombie (Crypt:1)
  An ushabti (Crypt:3)
  60 yaks
  3 neqoxecs
  2 basilisks
  4 vampire mosquitoes
  A chaos spawn (Depths:5)
  2 wargs
  71 nagas
  18 swamp worms
  3 acid dragons
  17 water moccasins
  A swamp worm (shapeshifter) (Depths:3)
  A merfolk skeleton (Crypt:3)
  A floating eye (Depths:4)
  A monstrous demonspawn skeleton (Crypt:1)
  4 ice beasts (Lair:4)
  7 swamp drakes (Swamp:4)
  A cane toad skeleton (Crypt:3)
  45 orc warriors
  4 sky beasts
  3 snapping turtle zombies
  4 black bears
  4 necrophages
  A manticore zombie (Crypt:3)
  5 ogres
  A boggart (Vaults:1)
  A swamp dragon skeleton (Crypt:1)
  A hog zombie (Crypt:1)
  A torpor snail zombie (Crypt:2)
  17 centaurs
  7 wolves
  2 phantoms
  4 kobold brigands
  A manticore skeleton (Crypt:2)
  2 elf zombies
  A glowing shapeshifter simulacrum (Depths:2)
  2 gnoll sergeants
  13 bullfrogs
  2 scorpions
  2 elf skeletons
  4 earth elementals
  A water moccasin zombie (D:6)
  8 wyvern skeletons (Crypt:3)
  An oklob sapling (Swamp:2)
  A water moccasin skeleton (D:5)
  12 wights
  3 howler monkeys
  2 electric eels (Lair:3)
  A troll skeleton (Crypt:3)
  3 lava snakes (Volcano)
  3 draconian simulacra (IceCv)
  6 hounds
  3 human zombies
  5 centaur zombies
  9 jellies
  A bullfrog skeleton (D:6)
  18 orc priests
  Crazy Yiuf (D:4)
  A black bear skeleton (Crypt:1)
  2 iguanas (D:5)
  29 orc wizards
  2 human skeletons
  4 hell rats (Lair:5)
  2 troll simulacra (IceCv)
  An acid dragon zombie (Crypt:2)
  2 centaur simulacra (IceCv)
  An ogre skeleton (Crypt:2)
  A hound zombie (D:5)
  2 hound skeletons
  4 mummies
  Robin (D:1)
  11 gnolls
  9 adders
  3 naga simulacra (IceCv)
  7 white imps
  3 ufetubi
  3 adder zombies (Ossuary)
  2 worms (D:5)
  A dart slug (D:4)
  109 orcs
  8 bats
  18 endoplasms
  2 gnoll zombies (Ossuary)
  5 goblins
  8 hobgoblins
  7 jackals
  13 kobolds
  2 quokkas
  9 ball pythons
  2 frilled lizards
  A frilled lizard zombie (Crypt:1)
  5 goblin zombies (Ossuary)
  3 hobgoblin zombies (Ossuary)
  2 jackal zombies (Ossuary)
  3 kobold zombies (Ossuary)
  4 orc zombies
  A quokka skeleton (Crypt:1)
  4 quokka zombies (Ossuary)
  3 rats
  4 rat zombies (Ossuary)
2468 creatures vanquished.

Vanquished Creatures (collateral kills)
  A dread lich (Zot:5)
  4 orbs of fire
  The ghost of Roxtikhle the Hawkeye, a legendary OgGl of Okawaru (Zot:3)
  A Killer Klown (Zot:5)
  A curse toe (Zot:3)
  A golden dragon (Zot:5)
  A tentacled monstrosity (Zot:5)
  2 Orb Guardians (Zot:5)
  A tengu reaver (Vaults:5)
  2 storm dragons
  A shadow dragon (Vaults:5)
  A draconian monk (Zot:1)
  A frost giant (Vaults:5)
  A ghost moth (Zot:5)
  2 entropy weavers
  A yellow draconian (Zot:5)
  4 red draconians
  A hydra (Lair:3)
  A vault guard (Vaults:5)
  A naga warrior (Snake:4)
  A dancing weapon (Zot:3)
  3 spectral storm dragons (Zot:4)
  A spectral black draconian (Zot:4)
  A deep elf pyromancer (Elf:1)
  2 deep elf zephyrmancers
  An ironbound convoker (Vaults:5)
  2 moths of wrath (Zot:3)
  A guardian serpent (Snake:4)
  A vault sentinel (Vaults:5)
  A black mamba (Snake:4)
  A storm dragon simulacrum (Zot:4)
  2 yaktaurs (Vaults:5)
  An efreet (Zot:3)
  2 spectral moths of wrath (Zot:4)
  A shadow dragon simulacrum (Zot:4)
  A draconian simulacrum (Zot:4)
  4 fire elementals (Zot:3)
  A black draconian simulacrum (Zot:4)
  A green draconian simulacrum (Zot:4)
  A naga (Snake:4)
  A moth of wrath simulacrum (Zot:4)
  Terence (D:2)
  An adder (D:2)
61 creatures vanquished.

Vanquished Creatures (others)
  2 death cobs
  16 eldritch tentacles
  A draconian stormcaller (Zot:5)
  A war gargoyle (Vaults:3)
  A red draconian (Zot:3)
  A shock serpent (Snake:4)
  A deep elf knight (Elf:1)
  A deep elf archer (Elf:1)
  2 deep elf zephyrmancers
  A necromancer (Depths:2)
  A moth of wrath (Zot:1)
  A bloated husk (Swamp:1)
  An orc priest (Orc:2)
  An adder (D:2)
  An orc (Orc:2)
  A briar patch (Swamp:2)
  11 bushes
  6 foxfires
  101 fungi
  94 plants
  37 withered plants (Crypt:3)
282 creatures vanquished.

Grand Total: 2811 creatures vanquished

Notes
Turn   | Place    | Note
-------+----------+-------------------------------------------
     0 | D:1      | Ge0ff the Human Artificer began the quest for the Orb.
     0 | D:1      | Reached XP level 1. HP: 15/15 MP: 1/1
   347 | D:1      | Reached XP level 2. HP: 22/22 MP: 2/2
   683 | D:1      | Reached XP level 3. HP: 17/28 MP: 3/3
  1711 | D:2      | Reached skill level 1 in Short Blades
  1711 | D:2      | Reached XP level 4. HP: 26/34 MP: 4/4
  1856 | D:2      | Noticed Terence
  1880 | D:2      | Killed Terence
  1961 | D:1      | Reached XP level 5. HP: 29/42 MP: 5/5
  2250 | D:2      | Noticed a phantom
  2361 | D:2      | Noticed Robin
  2496 | D:1      | Killed Robin
  3993 | D:3      | Found Kithut's Magic Scroll Shoppe.
  4067 | D:3      | Found a faded altar of an unknown god.
  4076 | D:3      | Became a worshipper of Cheibriados the Contemplative
  4076 | D:3      | Reached * piety under Cheibriados
  4530 | D:3      | Noticed Sigmund
  4537 | D:3      | Killed Sigmund
  4538 | D:3      | Reached XP level 6. HP: 40/50 MP: 6/6
  5042 | D:4      | Reached skill level 5 in Fighting
  5056 | D:4      | Reached XP level 7. HP: 52/56 MP: 7/7
  5247 | D:4      | Found a staircase to the Ecumenical Temple.
  5256 | Temple   | Entered the Ecumenical Temple
  5459 | D:4      | Found a radiant altar of Vehumet.
  5483 | D:4      | Found a hide-covered altar of Uskayaw.
  5840 | D:4      | Found Kammec's Antique Weapon Shoppe.
  6694 | D:4      | Found a runed translucent door.
  6695 | D:4      | Noticed Crazy Yiuf
  6700 | D:4      | Killed Crazy Yiuf
  6793 | D:4      | Found a bloodstained altar of Trog.
  7193 | D:3      | Found a snail-covered altar of Cheibriados.
  7251 | D:3      | Found Kithut's Magic Scroll Shoppe.
  7488 | D:3      | Reached skill level 5 in Evocations
  7488 | D:3      | Reached XP level 8. HP: 24/62 MP: 8/8
  7512 | D:5      | Entered Level 5 of the Dungeon
  7689 | D:4      | Reached ** piety under Cheibriados
  8400 | D:5      | Reached skill level 1 in Throwing
  8707 | D:5      | Reached XP level 9. HP: 52/69 MP: 9/9
  8717 | D:5      | Reached skill level 5 in Short Blades
  8830 | D:5      | Noticed a troll
  8832 | D:5      | Killed a troll
  9370 | D:5      | Found a sparkling altar of Nemelex Xobeh.
  9445 | D:6      | Reached *** piety under Cheibriados
  9602 | D:6      | Learned a level 3 spell: Confusing Touch
  9650 | D:6      | Found a sand-covered staircase.
  9689 | Ossuary  | Entered an ossuary
  9843 | Ossuary  | Reached skill level 1 in Hexes
  9979 | Ossuary  | Reached **** piety under Cheibriados
 10049 | Ossuary  | Reached skill level 1 in Spellcasting
 10235 | D:6      | Found a runed translucent gate.
 10237 | D:6      | Found a runed translucent gate.
 10238 | D:6      | Found a runed translucent gate.
 10238 | D:6      | Noticed jather's ghost (novice HOFi)
 10880 | D:6      | Learned a level 3 spell: Dazzling Flash
 11613 | D:4      | Bought a glowing short sword for 114 gold pieces
 11613 | D:4      | Bought a runed short sword for 114 gold pieces
 11897 | D:7      | Reached XP level 10. HP: 65/79 MP: 11/13
 12074 | D:7      | Noticed Joseph
 12084 | D:7      | Killed Joseph
 12746 | D:8      | Reached ***** piety under Cheibriados
 12961 | D:8      | Found a staircase to the Lair.
 12962 | D:8      | Noticed a komodo dragon
 12976 | D:8      | Killed a komodo dragon
 13017 | D:8      | HP: 4/80 [kobold brigand/+0 dagger (6)]
 13326 | D:8      | Found an ornate altar of the Wu Jian Council.
 13352 | D:8      | Reached XP level 11. HP: 85/85 MP: 17/17
 13676 | D:8      | Found a hazy altar of Hepliaklqana.
 13677 | D:8      | Found a shimmering altar of Xom.
 13678 | D:8      | Noticed a Killer Klown
 13976 | D:9      | Found a shimmering blue altar of Sif Muna.
 14072 | D:9      | Noticed a two-headed ogre
 14078 | D:9      | Killed a two-headed ogre
 14309 | D:9      | Noticed a two-headed ogre
 14328 | D:9      | Killed a two-headed ogre
 14601 | D:9      | Found a broken altar of Ashenzari.
 14767 | D:10     | Entered Level 10 of the Dungeon
 15027 | D:10     | Noticed a white ugly thing
 15031 | D:10     | Killed a white ugly thing
 15060 | D:10     | Found a staircase to the Orcish Mines.
 15444 | D:10     | Learned a level 2 spell: Blink
 16282 | D:11     | Reached ****** piety under Cheibriados
 16283 | D:11     | Reached skill level 1 in Shields
 16749 | D:11     | Noticed a tengu warrior
 16765 | D:11     | Killed a tengu warrior
 16942 | D:11     | Reached skill level 5 in Spellcasting
 16942 | D:11     | Reached XP level 12. HP: 77/92 MP: 19/19
 17226 | D:11     | Identified a scroll of acquirement
 17226 | D:11     | Acquired a +2 pair of gloves of archery
 17306 | D:11     | Noticed a soul eater
 17957 | Lair:1   | Entered Level 1 of the Lair of Beasts
 18163 | Lair:1   | Noticed a seven-headed hydra
 18170 | Lair:1   | Killed a seven-headed hydra
 18273 | Lair:1   | Reached skill level 10 in Hexes
 18772 | Lair:1   | Noticed a four-headed hydra
 18783 | Lair:1   | Killed a four-headed hydra
 19467 | Lair:2   | Reached skill level 1 in Translocations
 19470 | Lair:2   | Reached skill level 1 in Invocations
 19535 | Lair:2   | Reached skill level 1 in Conjurations
 19764 | Lair:2   | Reached skill level 5 in Armour
 19926 | Lair:2   | Reached XP level 13. HP: 98/98 MP: 22/22
 19943 | Lair:2   | Reached skill level 5 in Shields
 20737 | Lair:3   | Noticed an eight-headed hydra
 20753 | Lair:3   | Killed an eight-headed hydra
 20948 | Lair:3   | Reached skill level 5 in Stealth
 21035 | Lair:3   | Found a staircase to the Swamp.
 21121 | Lair:3   | Noticed a five-headed hydra
 21135 | Lair:3   | Killed a five-headed hydra
 21139 | Lair:3   | Noticed a catoblepas
 21335 | Lair:3   | Killed a catoblepas
 22011 | Lair:3   | Reached skill level 5 in Dodging
 22161 | Lair:3   | Found a staircase to the Snake Pit.
 22969 | D:3      | Bought a scroll of identify for 22 gold pieces
 22969 | D:3      | Bought a scroll of identify for 22 gold pieces
 23188 | Lair:4   | Found a frozen archway.
 23194 | Lair:4   | Identified the +1 leather armour of the Moneychanger {rF+}
 23202 | IceCv    | Entered an ice cave
 23998 | IceCv    | Reached XP level 14. HP: 79/106 MP: 24/24
 24364 | IceCv    | Found the +8 whip "Snakebite" {curare, rPois}
 24372 | IceCv    | Identified the +5 spear "Concordance" {vorpal, SInv}
 25307 | Lair:4   | Reached skill level 5 in Throwing
 26542 | Lair:4   | Learned a level 4 spell: Iskenderun's Mystic Blast
 26590 | Lair:5   | Found a dark tunnel.
 26605 | Volcano  | Entered a volcano
 26872 | Volcano  | Found a radiant altar of Vehumet.
 27010 | Volcano  | Learned a level 5 spell: Irradiate
 27027 | Volcano  | Noticed a stone giant
 27035 | Volcano  | Killed a stone giant
 27378 | Lair:5   | Reached skill level 1 in Transmutations
 28052 | Lair:5   | Found a staircase to the Slime Pits.
 28052 | Lair:5   | Found a viscous altar of Jiyva.
 28608 | Lair:6   | Entered Level 6 of the Lair of Beasts
 29152 | Lair:6   | Reached skill level 5 in Invocations
 29152 | Lair:6   | Reached XP level 15. HP: 87/113 MP: 25/25
 29633 | Lair:6   | Reached skill level 5 in Conjurations
 31705 | Lair:6   | Reached skill level 5 in Transmutations
 33995 | D:6      | Killed jather's ghost
 34093 | D:6      | Identified the +1 hat "Peiwaned" {Drain +Inv rPois}
 34309 | D:12     | Noticed Jorgrun
 34474 | Orc:1    | Entered Level 1 of the Orcish Mines
 34612 | Orc:1    | Found a runed translucent door.
 34832 | Orc:1    | Noticed an orc warlord
 34848 | Orc:1    | Killed an orc warlord
 35029 | Orc:1    | Found a bloodstained altar of Trog.
 35030 | Orc:1    | Found the necklace of Bloodlust {*Rage +Rage Will++ Int-3
                  | Slay+6}
 35330 | Orc:1    | Found a shimmering altar of Xom.
 35554 | Orc:1    | Found a transporter.
 35697 | Orc:2    | Entered Level 2 of the Orcish Mines
 35697 | Orc:2    | Found a staircase to the Elven Halls.
 35697 | Orc:2    | Noticed Nessos
 35700 | Orc:2    | Killed Nessos
 36309 | Orc:2    | Reached XP level 16. HP: 115/120 MP: 22/28
 37284 | Orc:2    | Found Pahiegit's Jewellery Shoppe.
 37284 | Orc:2    | Found Defeenwe's Antique Weapon Boutique.
 37286 | Orc:2    | Found Urregug's Weapon Shop.
 37288 | Orc:2    | Found Ofyroos's General Store.
 37300 | Orc:2    | Bought a condenser vane for 480 gold pieces
 37970 | D:12     | Killed Jorgrun
 38230 | Orc:2    | Bought an amulet of regeneration for 390 gold pieces
 38965 | D:13     | Found a gate to the Vaults.
 39516 | D:13     | Identified the +5 dagger of Coreshroph {vamp, rC- rN+++}
 40037 | D:14     | Found the +3 giant club "Skullcrusher" {speed, Str+7}
 40232 | D:14     | Identified the +0 buckler of Inviolability {+Blink}
 40462 | D:14     | Reached skill level 10 in Conjurations
 40747 | D:14     | Reached XP level 17. HP: 116/126 MP: 19/30
 41201 | D:15     | Entered Level 15 of the Dungeon
 41979 | D:15     | Found a staircase to the Depths.
 42247 | D:15     | Reached skill level 10 in Transmutations
 42769 | Snake:1  | Entered Level 1 of the Snake Pit
 43433 | Snake:1  | You fall into a shaft and drop 1 floor!
 43858 | Snake:1  | Identified the +2 pair of gloves "Aluadd" {Regen+ Dex+5
                  | SInv}
 44530 | Snake:2  | Noticed Aizul
 44854 | Snake:2  | Killed Aizul
 45308 | Snake:2  | Reached XP level 18. HP: 122/132 MP: 8/31
 45585 | Snake:2  | Reached skill level 10 in Spellcasting
 45966 | Snake:2  | Reached skill level 10 in Shields
 46845 | Snake:3  | Noticed Roxanne
 48453 | Snake:3  | Found Kalaan's Weapon Shop.
 49051 | Orc:2    | Bought a glowing double sword for 414 gold pieces
 49272 | Snake:3  | Learned a level 2 spell: Passwall
 49282 | Snake:3  | Killed Roxanne
 49291 | Snake:3  | Learned a level 5 spell: Lee's Rapid Deconstruction
 49310 | Snake:4  | Entered Level 4 of the Snake Pit
 49748 | Snake:4  | Reached skill level 5 in Translocations
 49780 | Snake:4  | Reached skill level 1 in Earth Magic
 50072 | Snake:4  | Noticed Vashnia
 50082 | Snake:4  | Killed Vashnia
 50083 | Snake:4  | Reached XP level 19. HP: 119/140 MP: 18/33
 51131 | Snake:4  | Reached skill level 10 in Evocations
 51416 | Snake:4  | Reached skill level 10 in Fighting
 52447 | Snake:4  | Got a serpentine rune of Zot
 52538 | Snake:4  | Learned a level 5 spell: Yara's Violent Unravelling
 52647 | Swamp:1  | Entered Level 1 of the Swamp
 53583 | Swamp:2  | Noticed a tentacled monstrosity
 53600 | Swamp:2  | Killed a tentacled monstrosity
 53601 | Swamp:2  | Reached skill level 10 in Short Blades
 53601 | Swamp:2  | Reached XP level 20. HP: 132/147 MP: 15/34
 53823 | Swamp:2  | Noticed Louise
 53942 | Swamp:2  | Killed Louise
 54048 | Swamp:2  | Identified the +2 glaive "Secret Weapon" {pain, Int+6}
 54664 | Swamp:2  | Identified the amulet "Ril Ymip" {Acrobat rElec Will-
                  | rCorr}
 55658 | Swamp:4  | Entered Level 4 of the Swamp
 55899 | Swamp:4  | Reached skill level 1 in Long Blades
 56154 | Swamp:4  | Identified the +5 hunting sling "Xereihye" {vorpal, rC+}
 56410 | Swamp:4  | Noticed the 27-headed Lernaean hydra
 56418 | Swamp:4  | Killed the 27-headed Lernaean hydra
 56537 | Swamp:4  | Got a decaying rune of Zot
 56645 | Swamp:4  | Acquired 594 gold pieces
 57482 | Orc:1    | Found a transporter.
 57482 | Orc:1    | Found a runed translucent door.
 57861 | Orc:1    | Identified the +2 plate armour of Negation {rCorr Slay-2
                  | Stlth+}
 57916 | Orc:1    | Reached XP level 21. HP: 150/151 MP: 35/35
 58567 | Elf:1    | Entered Level 1 of the Elven Halls
 58863 | Elf:1    | Reached skill level 10 in Armour
 58949 | Elf:1    | Reached skill level 5 in Earth Magic
 59226 | Elf:1    | Found Guoryan's Distillery.
 60475 | Elf:2    | Found a runed translucent gate.
 60476 | Elf:2    | Found a runed translucent gate.
 60477 | Elf:2    | Found a runed translucent gate.
 61014 | D:3      | Bought a scroll of vulnerability for 82 gold pieces
 61014 | D:3      | Bought a scroll of fog for 22 gold pieces
 61014 | D:3      | Bought a scroll of blinking for 82 gold pieces
 61014 | D:3      | Bought a scroll of vulnerability for 82 gold pieces
 61014 | D:3      | Bought a scroll of vulnerability for 82 gold pieces
 61014 | D:3      | Bought a scroll of teleportation for 33 gold pieces
 61014 | D:3      | Bought 2 scrolls of teleportation for 66 gold pieces
 61014 | D:3      | Bought a scroll of enchant weapon for 82 gold pieces
 61014 | D:3      | Bought a scroll of teleportation for 33 gold pieces
 61319 | Elf:2    | Found Cesmos's Distillery.
 61325 | Elf:2    | Found Koickof's Antique Armour Shop.
 61333 | Elf:2    | Bought a heavily runed cloak for 247 gold pieces
 61333 | Elf:2    | Identified the +0 cloak of Lugonu's Inspiration {Stlth+}
                  | (You bought it in a shop on level 2 of the Elven Halls)
 61333 | Elf:2    | Bought a fine ring mail for 234 gold pieces
 61333 | Elf:2    | Identified the +1 ring mail of the Ecumenical Temple
                  | {+Blink} (You bought it in a shop on level 2 of the Elven
                  | Halls)
 61805 | Elf:2    | Reached skill level 10 in Stealth
 63023 | Elf:3    | Entered Level 3 of the Elven Halls
 63353 | Elf:3    | Identified the ring of Elehath {Contam rF+ rC+ Will+ AC+4}
 63422 | Elf:3    | Found Zujughan's Jewellery Shoppe.
 63628 | Elf:3    | Reached XP level 22. HP: 149/150 MP: 25/36
 63850 | Orc:2    | Bought the amulet of Yvun {Reflect rCorr SH+5} for 553 gold
                  | pieces
 64225 | Elf:3    | Identified the ring "Jyevuroc" {Ice Will+ Str-4 Int+2}
 64499 | Elf:3    | Identified the +8 war axe "Johoppio" {vamp, rC- Str-5
                  | Dex+7}
 64503 | Elf:3    | Identified the +7 short sword of Vochuth {vorpal, +Rage
                  | Int+3 Dex+2}
 65055 | Elf:3    | Bought a ring of positive energy for 400 gold pieces
 65122 | Orc:2    | Bought a potion of brilliance for 48 gold pieces
 65122 | Orc:2    | Bought a scroll of immolation for 42 gold pieces
 65233 | Vaults:1 | Entered Level 1 of the Vaults
 65661 | Vaults:1 | Noticed Donald
 65671 | Vaults:1 | Killed Donald
 66911 | Vaults:1 | Reached XP level 23. HP: 171/171 MP: 27/38
 67140 | Vaults:1 | Reached skill level 5 in Long Blades
 67305 | Vaults:2 | Learned a level 7 spell: Malign Gateway
 67313 | Vaults:2 | Noticed Asterion
 67425 | Vaults:2 | Noticed Nikola
 67430 | Vaults:2 | Noticed Frederick
 67432 | Vaults:2 | Killed Frederick
 67444 | Vaults:2 | Killed Nikola
 67568 | Vaults:2 | Reached skill level 1 in Summonings
 69018 | Vaults:2 | Killed Asterion
 69957 | Vaults:3 | Identified the +2 hand axe of Winter {vorpal, rElec Str-4
                  | Int+6}
 69973 | Vaults:3 | Reached XP level 24. HP: 180/180 MP: 29/38
 70187 | Vaults:3 | Found a staircase to the Crypt.
 70462 | Vaults:3 | Reached skill level 10 in Invocations
 71442 | Vaults:5 | Entered Level 5 of the Vaults
 71442 | Vaults:5 | Noticed a dread lich
 71845 | Vaults:4 | Reached skill level 10 in Translocations
 71853 | Vaults:4 | Reached skill level 5 in Summonings
 72308 | Vaults:4 | Acquired the +2 demon blade "Doc Roze" {venom, +Blink rElec
                  | Will+}
 72971 | Crypt:1  | Entered Level 1 of the Crypt
 73412 | Crypt:1  | Reached XP level 25. HP: 188/188 MP: 4/39
 75808 | Crypt:2  | Noticed Bai Suzhen
 75815 | Crypt:2  | Killed Bai Suzhen
 76309 | Crypt:3  | Entered Level 3 of the Crypt
 76713 | Crypt:3  | Found an ancient bone altar of Kikubaaqudgha.
 76925 | Crypt:3  | Reached skill level 15 in Shields
 77587 | Crypt:3  | Found a staircase to the Tomb.
 78226 | Crypt:3  | Reached skill level 10 in Dodging
 79003 | Crypt:3  | Noticed a dread lich
 79014 | Crypt:3  | Killed a dread lich
 79015 | Crypt:3  | Reached XP level 26. HP: 166/198 MP: 15/39
 79112 | Crypt:3  | Identified the +12 arbalest "Laymocw" {penet, rCorr Dex+2}
 79113 | Crypt:3  | Identified the +0 cloak of Gakkyfej {-Cast rElec rPois
                  | Stlth+}
 79115 | Crypt:3  | Identified the Handbook of Evil
 79960 | Crypt:3  | Identified the +5 short sword of Hatred {elec, Dex+2}
 80341 | Depths:1 | Entered Level 1 of the Depths
 80672 | Depths:1 | Found a white marble altar of Elyvilon.
 80798 | Depths:1 | Found a one-way gate to the infinite horrors of the Abyss.
 80907 | Depths:1 | Found a gateway to Hell.
 80935 | Depths:1 | You fall into a shaft and drop 1 floor!
 81047 | Depths:2 | Found a one-way gate leading to the halls of Pandemonium.
 81315 | Depths:1 | Found Fokhluen's Antique Armour Emporium.
 81318 | Depths:1 | Bought a smoking scale mail for 396 gold pieces
 81318 | Depths:1 | Identified the +4 scale mail "Raqugg" {Dex+6} (You bought
                  | it in a shop on level 1 of the Depths)
 81366 | Depths:2 | Found a shimmering blue altar of Sif Muna.
 82229 | Depths:2 | Reached skill level 10 in Earth Magic
 82813 | Depths:2 | Found an ancient bone altar of Kikubaaqudgha.
 82813 | Depths:2 | Noticed a dread lich
 82813 | Depths:2 | Noticed a dread lich
 82823 | Depths:2 | Killed a dread lich
 82826 | Depths:2 | Killed a dread lich
 84214 | Depths:2 | Found the macabre finger necklace {rN+}
 84504 | Depths:3 | Reached XP level 27. HP: 193/206 MP: 32/40
 84648 | Depths:3 | Noticed a juggernaut
 85220 | Depths:3 | Noticed a juggernaut
 85251 | Depths:3 | Killed a juggernaut
 85252 | Depths:3 | Reached skill level 15 in Fighting
 85335 | Depths:3 | Killed a juggernaut
 85881 | Depths:3 | Found a gateway to a ziggurat.
 86627 | Depths:4 | Reached skill level 10 in Summonings
 86887 | Depths:4 | Learned a level 5 spell: Borgnjor's Vile Clutch
 86899 | Depths:4 | Noticed Boris
 86965 | Depths:4 | Killed Boris
 87256 | Depths:4 | Found a runed translucent gate.
 87256 | Depths:4 | Found a runed translucent gate.
 87263 | Depths:4 | Found a runed translucent gate.
 87266 | Depths:4 | Noticed Fiylet's ghost (veteran PaDe)
 87268 | Depths:4 | Found a viscous altar of Jiyva.
 87495 | Depths:4 | Reached skill level 15 in Stealth
 87779 | Depths:4 | Reached skill level 1 in Necromancy
 88126 | Depths:4 | Killed Fiylet's ghost
 88243 | Depths:4 | Identified the +4 executioner's axe "Rioloclo" {venom,
                  | Drain rElec rN+ Int+6}
 88244 | Depths:4 | Identified the ring of the Clam {Ice Contam rCorr Str+6
                  | Dex+3}
 88257 | Depths:5 | Entered Level 5 of the Depths
 88723 | Depths:5 | Noticed Jory
 88728 | Depths:5 | Found an iron altar of Okawaru.
 88860 | Depths:5 | Killed Jory
 89040 | Depths:5 | Found a gate to the Realm of Zot.
 89430 | Depths:5 | Found Enwier's Assorted Antiques.
 89435 | Depths:5 | Bought a scroll of magic mapping for 94 gold pieces
 89435 | Depths:5 | Bought a scroll of blinking for 202 gold pieces
 89435 | Depths:5 | Bought a wand of paralysis (7) for 54 gold pieces
 89866 | Vaults:4 | You fall into a shaft and drop 1 floor!
 90046 | Vaults:5 | Identified the +5 quarterstaff of the Depths {freeze, rPois
                  | rN+}
 90952 | Vaults:5 | Killed a dread lich
 91211 | Vaults:5 | Identified the +2 short sword "Voep" {vamp, *Rage Fly rC+
                  | Int+3}
 91232 | Vaults:5 | Reached skill level 10 in Long Blades
 91556 | Vaults:5 | Learned a level 1 spell: Apportation
 91651 | Vaults:5 | Identified the +5 hand axe "Geept" {antimagic, *Corrode
                  | rPois Dex+5 Stlth+}
 91737 | Vaults:5 | Reached skill level 5 in Necromancy
 91973 | Vaults:5 | Identified the Compendium of the Nocuous Arsonist
 91980 | Vaults:5 | Got a silver rune of Zot
 92659 | Elf:1    | Bought a potion of curing for 39 gold pieces
 92659 | Elf:1    | Bought a potion of curing for 39 gold pieces
 92659 | Elf:1    | Bought a potion of curing for 39 gold pieces
 92659 | Elf:1    | Bought a potion of magic for 104 gold pieces
 92659 | Elf:1    | Bought a potion of brilliance for 52 gold pieces
 92702 | Elf:2    | Bought a potion of might for 60 gold pieces
 92702 | Elf:2    | Bought 2 potions of brilliance for 120 gold pieces
 92702 | Elf:2    | Bought a potion of curing for 45 gold pieces
 92702 | Elf:2    | Bought a potion of mutation for 120 gold pieces
 92702 | Elf:2    | Bought a potion of mutation for 120 gold pieces
 92702 | Elf:2    | Bought a potion of mutation for 120 gold pieces
 92704 | Elf:2    | Bought a potion of flight for 45 gold pieces
 92753 | Elf:1    | Bought a potion of flight for 39 gold pieces
 92753 | Elf:1    | Bought a potion of lignification for 39 gold pieces
 92753 | Elf:1    | Bought a potion of lignification for 39 gold pieces
 92753 | Elf:1    | Bought a potion of lignification for 39 gold pieces
 93088 | Zot:1    | Entered Level 1 of the Realm of Zot
 93106 | Zot:1    | Noticed an orb of fire
 93677 | Zot:1    | Killed an orb of fire
 94834 | Zot:1    | Reached skill level 15 in Translocations
 96498 | Zot:2    | Noticed a Killer Klown
 96510 | Zot:2    | Killed a Killer Klown
 96564 | Zot:2    | Noticed an orb of fire
 96570 | Zot:2    | Killed an orb of fire
 96638 | Zot:2    | Found a transporter.
 96642 | Zot:2    | Noticed a Killer Klown
 96951 | Zot:2    | Found a transporter.
 97228 | Zot:2    | Killed a Killer Klown
 99166 | Zot:3    | Reached skill level 10 in Necromancy
 99535 | Zot:3    | Found a runed translucent door.
 99535 | Zot:3    | Found a shimmering altar of Xom.
 99535 | Zot:3    | Noticed Roxtikhle's ghost (legendary OgGl)
 99570 | Zot:3    | Killed Roxtikhle's ghost
 99571 | Zot:3    | Reached skill level 15 in Evocations
100800 | Zot:4    | Found a runed translucent gate.
100800 | Zot:4    | Found a runed translucent gate.
100800 | Zot:4    | Found a runed translucent gate.
100801 | Zot:4    | Noticed Jimaaf's ghost (adept DDFi)
101292 | Zot:4    | Noticed an orb of fire
101292 | Zot:4    | Gained mutation: You are occasionally teleported next to
                  | monsters. [an orb of fire]
101298 | Zot:4    | Killed an orb of fire
101550 | Zot:4    | Killed Jimaaf's ghost
101580 | Zot:4    | Identified the +11 hand crossbow "Tattletale" {freeze,
                  | rC++}
101667 | Zot:4    | Gained mutation: You tend to lose your temper in combat.
                  | [potion of mutation]
101667 | Zot:4    | Gained mutation: You are frail. (-10% HP) [potion of
                  | mutation]
101668 | Zot:4    | Lost mutation: You are frail. (-10% HP) [potion of
                  | mutation]
101668 | Zot:4    | Lost mutation: You are occasionally teleported next to
                  | monsters. [potion of mutation]
101668 | Zot:4    | Lost mutation: You tend to lose your temper in combat.
                  | [potion of mutation]
101668 | Zot:4    | Gained mutation: Your body sometimes deteriorates upon
                  | taking damage. [potion of mutation]
101668 | Zot:4    | Gained mutation: You have sharp toenails. [potion of
                  | mutation]
101668 | Zot:4    | Gained mutation: You are partially covered in iridescent
                  | scales. (AC +2) [potion of mutation]
101689 | Zot:5    | Entered Level 5 of the Realm of Zot
101723 | Zot:5    | Identified the ring of Nici Cij {Ice Fly rCorr Dex+6}
102561 | Zot:5    | Noticed a Killer Klown
102583 | Zot:5    | Noticed an orb of fire
102588 | Zot:5    | Killed an orb of fire
102807 | Zot:5    | Noticed an orb of fire
102815 | Zot:5    | Noticed a Killer Klown
102833 | Zot:5    | Noticed an orb of fire
102842 | Zot:5    | Killed a Killer Klown
103099 | Zot:5    | Noticed a Killer Klown
103105 | Zot:5    | Killed an orb of fire
103113 | Zot:5    | Killed a Killer Klown
103204 | Zot:5    | Noticed a dread lich
103212 | Zot:5    | Killed a dread lich
103240 | Zot:5    | Reached skill level 15 in Invocations
103525 | Zot:5    | Reached skill level 15 in Summonings
103562 | Zot:5    | Noticed a Killer Klown
103570 | Zot:5    | Killed a Killer Klown
104196 | Zot:5    | Noticed a Killer Klown
104202 | Zot:5    | Killed a Killer Klown
104285 | Zot:5    | Noticed an orb of fire
104285 | Zot:5    | Gained mutation: You tend to lose your temper in combat.
                  | [an orb of fire]
104288 | Zot:5    | Gained mutation: You sometimes lose the ability to read
                  | scrolls when taking damage. [an orb of fire]
104289 | Zot:5    | Gained mutation: You do not regenerate when monsters are
                  | visible. [an orb of fire]
104290 | Zot:5    | Gained mutation: You are frail. (-10% HP) [an orb of fire]
104296 | Zot:5    | Killed an orb of fire
104305 | Zot:5    | Lost mutation: You are frail. (-10% HP) [potion of
                  | mutation]
104305 | Zot:5    | Lost mutation: You are partially covered in iridescent
                  | scales. (AC +2) [potion of mutation]
104305 | Zot:5    | Gained mutation: You have a pair of small antennae on your
                  | head. [potion of mutation]
104305 | Zot:5    | Lost mutation: You tend to lose your temper in combat.
                  | [potion of mutation]
104306 | Zot:5    | Lost mutation: Your body sometimes deteriorates upon taking
                  | damage. [potion of mutation]
104306 | Zot:5    | Lost mutation: You sometimes lose the ability to read
                  | scrolls when taking damage. [potion of mutation]
104306 | Zot:5    | Gained mutation: You are partially covered in iridescent
                  | scales. (AC +2) [potion of mutation]
104306 | Zot:5    | Gained mutation: Your magical capacity is low. (-10% MP)
                  | [potion of mutation]
104306 | Zot:5    | Gained mutation: Armour fits poorly on your strangely
                  | shaped body. [potion of mutation]
104306 | Zot:5    | Gained mutation: Your spells are a little harder to cast,
                  | but a little more powerful. [potion of mutation]
104307 | Zot:5    | Lost mutation: Your magical capacity is low. (-10% MP)
                  | [potion of mutation]
104307 | Zot:5    | Lost mutation: You are partially covered in iridescent
                  | scales. (AC +2) [potion of mutation]
104307 | Zot:5    | Lost mutation: Armour fits poorly on your strangely shaped
                  | body. [potion of mutation]
104307 | Zot:5    | Gained mutation: You are clumsy. (Dex -2) [potion of
                  | mutation]
104307 | Zot:5    | Gained mutation: Your muscles are strong. (Str +2) [potion
                  | of mutation]
104308 | Zot:5    | Lost mutation: You have a pair of small antennae on your
                  | head. [potion of mutation]
104308 | Zot:5    | Lost mutation: You have sharp toenails. [potion of
                  | mutation]
104308 | Zot:5    | Lost mutation: Your spells are a little harder to cast, but
                  | a little more powerful. [potion of mutation]
104308 | Zot:5    | Gained mutation: Armour fits poorly on your strangely
                  | shaped body. [potion of mutation]
104308 | Zot:5    | Lost mutation: You are clumsy. (Dex -2) [potion of
                  | mutation]
104309 | Zot:5    | Lost mutation: You do not regenerate when monsters are
                  | visible. [potion of mutation]
104309 | Zot:5    | Lost mutation: Armour fits poorly on your strangely shaped
                  | body. [potion of mutation]
104309 | Zot:5    | Lost mutation: Your muscles are strong. (Str +2) [potion of
                  | mutation]
104309 | Zot:5    | Gained mutation: You are strong-willed. (Will+) [potion of
                  | mutation]
104309 | Zot:5    | Lost mutation: You are strong-willed. (Will+) [potion of
                  | mutation]
104309 | Zot:5    | Gained mutation: Your system is resistant to poisons.
                  | (rPois) [potion of mutation]
104322 | Zot:5    | Noticed a Killer Klown
104328 | Zot:5    | Killed a Killer Klown
104413 | Zot:5    | Gained mutation: You have supernaturally acute eyesight.
                  | (SInv) [an orb of fire]
104419 | Zot:5    | Killed an orb of fire
104584 | Zot:5    | Killed a Killer Klown
104661 | Zot:5    | Noticed an orb of fire
104665 | Zot:5    | Killed an orb of fire
104667 | Zot:5    | Gained mutation: You are frail. (-10% HP) [an orb of fire]
104668 | Zot:5    | Killed an orb of fire
104968 | Zot:5    | Noticed a Killer Klown
104976 | Zot:5    | Killed a Killer Klown
105322 | Zot:5    | Got the Orb of Zot
105339 | Zot:4    | Noticed Luxiji the pandemonium lord
105465 | Zot:3    | Noticed Golousoxt the pandemonium lord
105469 | Zot:3    | Killed Golousoxt the pandemonium lord
105820 | D:10     | Noticed Weaz the pandemonium lord
105972 | D:$      | Escaped with the Orb!

Illustrated notes

Levels and vault maps discovered:
D:1:      matt_arrival_spirals, layout_loops_ring, minmay_misc_feat_tiny
D:2:      layout_basic, minmay_misc_feat_five, kennysheep_generic_room_4,
          uniq_robin, uniq_terence
D:3:      layout_basic, shapermc_ecumenical_altar_mp_ritualfount, serial_shops,
          shop, chequers_serial_rivers_room_b, grunt_ministairs_9, uniq_sigmund
D:4:      layout_basic, nicolae_overflow_hidden_temple,
          minmay_temple_entry_wispy, serial_co_window_serial,
          co_window_of_opportunity_a, co_window_paths_a, co_window_paths_a,
          co_window_corner_a, co_window_cross_1, co_window_of_opportunity_a,
          co_window_of_opportunity_c, co_window_corner_cb, co_window_cross_4,
          co_window_broadway_a, co_window_unsneaky_path_d, co_window_4corner_b,
          glass_columns_a, glass_columns_b, glass_columns_b, serial_shops,
          nicolae_shop_trees, uniq_crazy_yiuf_cottage
D:5:      minmay_general_purpose_star, layout_rooms,
          nemelex_diamond_rough_becter, serial_park_tiny_2,
          kennysheep_crisscross, minmay_door_square, minmay_pentangle
D:6:      layout_layer_cave, biasface_ghost_orc_armoury,
          nicolae_ossuary_entry_catacombs, minmay_puff
D:7:      layout_loops_ring, kennysheep_nondescript,
          corexii_item_surrounded_by_moat, kennysheep_small_spiral, uniq_joseph
D:8:      layout_rooms, regret_index_temple_of_mockery,
          nicolae_wu_jian_wuxing_cycle, david_lair_shrubbed
D:9:      layout_roguey [special_room_orc], lemuel_round_altar,
          ashenzari_conservatory_becter, bh_walls_and_bars
D:10:     layout_long_grid, orc_0_dummy
D:11:     layout_roguey
D:12:     layout_basic, uniq_jorgrun
D:13:     minmay_the_grid_four_pointed_star_mashed
          [minmay_the_grid_triangle_9x9_shrine,
          minmay_the_grid_triangle_9x9_corruption,
          minmay_the_grid_triangle_9x9_odd_lines,
          minmay_the_grid_triangle_9x9_zippers_vertical,
          minmay_the_grid_prize_diamond_cup], layout_rooms, erik_vaults_1,
          grunt_ministairs_9
D:14:     layout_stronghold, kennysheep_doodads,
          minmay_guarded_unrand_skullcrusher
D:15:     hangedman_depths_entry_try_elsewhere_first, layout_basic
Temple:   cyrus_circular_temple
Lair:1:   layout_regular_city
Lair:2:   layout_gridlike
Lair:3:   layout_loops_ring, swamp_mist_pool, minmay_snake_entry_guardpost_small
Lair:4:   lemuel_slime, layout_cave_pods, portal_ice_cave_entry_pillars_1,
          ice2_lemuel
Lair:5:   layout_hall_layers, slime_altar_1, nicolae_volcano_entry_s_turn
Lair:6:   evilmike_catoblepas_cave, layout_small_grid, lemuel_fruit_tree,
          lemuel_fruit_fields, infiniplex_staircase_pool_2
Swamp:1:  layout_basic_swamp, hangedman_swamp_ruin_wall
Swamp:2:  nicolae_swamp_phyte_club, layout_falls_marsh,
          nicolae_swamp_dense_foliage, swamp_pool2, uniq_louise
Swamp:3:  layout_basic_swamp, evilmike_swamp_ruin_house_5
Swamp:4:  grunt_swamp_rune_castle, layout_basic_swamp
Snake:1:  layout_honeycomb
Snake:2:  layout_honeycomb, uniq_aizul
Snake:3:  layout_layer_cave, grunt_ministairs_5, minmay_shop_grid_forest,
          uniq_roxanne
Snake:4:  johnstein_snake_rune_scales, layout_rooms,
          nrook_guardian_serpent_ordinary
Orc:1:    emtedronai_trogs_sanctum, layout_diamond_mine, basic_altar,
          lightli_church_of_beogh
Orc:2:    st_orc_rangers, layout_caves, uniq_nessos
Elf:1:    elf_arrival_002, layout_rooms, serial_shops, shop_fountains,
          hangedman_elf_represent, minivault_16, grunt_ministairs_13,
          lemuel_flamethrower_2
Elf:2:    layout_loops_cross, minmay_shoptagon
Elf:3:    minmay_elf_hall_spiked, layout_rooms, serial_shops, shop, st_stairs_12
Vaults:1: vaults_room_hallway, hangedman_vaults_restitches,
          vaults_mumra_hexcomb, vaults_mumra_minichess, v_pattern_3, v_misc_31,
          v_misc_2, vaults_room_hallway, layout_vaults_omnigrid, uniq_donald
Vaults:2: v_misc_13, grunt_vaults_hallway_short, ontoclasm_vaults_shout,
          nicolae_vaults_network_star, v_rooms_6,
          nicolae_vaults_big_angled_halls, hangedman_vaults_locks,
          vaults_room_grid, nicolae_vaults_little_squares_3,
          vaults_room_corners, grunt_vaults_swirl, vaults_mumra_lcd, v_misc_10,
          vaults_room_hallway, v_misc_19, ontoclasm_vaults_pinch,
          layout_vaults_maze_bifur, uniq_frederick, uniq_nikola, uniq_asterion
Vaults:3: grunt_vaults_hallway_long, ontoclasm_vaults_ring_small, v_rooms_2,
          vaults_dpeg_spiral, nicolae_vaults_network_square,
          nicolae_vaults_puzzle_piece, ontoclasm_vaults_idyll,
          hangedman_vaults_nodes, minmay_crypt_entry_simple_box,
          nicolae_vaults_theta, ontoclasm_vaults_spin, v_misc_30,
          ontoclasm_vaults_decontamination, layout_vaults_omnibox
Vaults:4: v_misc_13, hangedman_vaults_snaps, st_octagons_1,
          nicolae_vaults_rhombus_6, grunt_vaults_hallway_short,
          nicolae_vaults_little_squares_3, ontoclasm_vaults_chip,
          vaults_room_semicircle, nicolae_vaults_network_periphery, v_misc_29,
          nicolae_vaults_little_squares_5, vaults_dpeg_ring,
          layout_vaults_big_room
Vaults:5: serial_shops
Crypt:1:  layout_chaotic_city, st_stairs_5, grunt_crypt_arrival_split
Crypt:2:  layout_chaotic_city, uniq_bai_suzhen
Crypt:3:  evilmike_haunted_forest
Depths:1: layout_roguey, serial_shops, kennysheep_mini_moat, hell_entry,
          abyss_entry, hangedman_abyss_or_decor_passed,
          nicolae_elyvilon_temple_path, infiniplex_staircase_pool_lava,
          serial_bayou_shore_b
Depths:2: evilmike_negative_zone, layout_honeycomb,
          nicolae_sif_muna_condensation, rand_demon_pan_entry_7, hell_entry,
          chequers_serial_rivers_large_b, minivault_16, minmay_misc_feat_alley
Depths:3: minmay_octo_star, layout_basic, enter_ziggurat_d,
          rand_demon_pan_entry_9, hell_entry, serial_bayou_shore_b
Depths:4: minmay_open_boxes_in_corner, layout_cave_shapes, pf_coc_iceberg,
          grunt_pan_entry_zigzag, minmay_hedge_maze, gammafunk_ghost_ooze,
          marbit_kobold_abyss_entry, minmay_stone_trees_small,
          lightli_fourway_metalbox, infiniplex_staircase_9_rooms, uniq_boris
Depths:5: evilmike_zot_entry_argh, layout_small_grid, serial_shops, shop,
          rand_demon_pan_entry_5, okawaru_gym_becter, hell_entry, uniq_jory
Zot:1:    layout_onion_interference
Zot:2:    gammafunk_sealed_arena, layout_basic
Zot:3:    lemuel_firehouse, layout_onion_interference, ebering_ghost_xom
Zot:4:    layout_gridlike, gammafunk_ghost_necromancy
Zot:5:    layout_twisted_circle, lemuel_baited_zot_trap

Skill      XL: |  1  2  3  4  5  6  7  8  9 10 11 12 13 14 15 16 17 18 19 20 21 22 23 24 25 26 27 |
---------------+----------------------------------------------------------------------------------+-----
Fighting       | 2 3 4 5 6 7 8 9 10 11 12 13 14 17 | 17.0
Stealth        | 2 4 5 6 7 9 10 11 12 13 14 17 | 17.0
Short Blades   | 1 2 3 4 5 6 8 9 10 | 10.0
Evocations     | 4 5 7 8 9 10 11 12 15 | 15.0
Dodging        | 2 3 4 5 6 7 8 9 10 14 | 14.8
Armour         | 3 4 5 6 7 8 9 10 12 | 12.0
Throwing       | 1 2 3 4 5 6 |  6.0
Hexes          | 2 4 9 10 | 10.0
Spellcasting   | 2 4 5 6 7 8 9 10 11 12 13 14 | 14.0
Shields        | 2 4 5 6 8 9 11 12 13 14 15 | 15.0
Translocations | 1 3 4 5 6 7 8 9 10 11 12 17 | 17.7
Invocations    | 1 3 5 6 7 8 9 10 11 15 | 15.0
Conjurations   | 1 3 4 7 10 11 12 13 14 | 14.0
Transmutations | 2 6 9 10 11 12 13 14 | 14.0
Earth Magic    | 1 3 4 6 7 8 9 10 12 | 12.0
Long Blades    | 2 3 4 5 6 7 8 13 | 13.5
Summonings     | 3 5 7 9 15 | 15.0
Necromancy     | 12 | 12.0

Action                   |  1- 3 |  4- 6 |  7- 9 | 10-12 | 13-15 | 16-18 | 19-21 | 22-24 | 25-27 || total
-------------------------+-------+-------+-------+-------+-------+-------+-------+-------+-------++-------
Melee: Club              |     8 |       |       |       |       |       |       |       |       ||     8
       Spear             |    98 |       |       |       |       |       |       |       |       ||    98
       Dagger            |    32 |   106 |   216 |   359 |  1308 |   736 |   520 |   423 |   228 ||  3928
       Trident           |       |    12 |       |       |       |       |       |       |       ||    12
       Short sword       |       |       |   272 |   190 |    55 |       |       |       |     4 ||   521
       Whip              |       |       |       |       |    10 |     2 |       |       |       ||    12
       Double sword      |       |       |       |       |       |       |    26 |    54 |    42 ||   122
       Demon blade       |       |       |       |       |       |       |       |     9 |  1396 ||  1405
       Rapier            |       |       |       |       |       |       |       |       |     1 ||     1
 Fire: Fustibalus        |       |       |       |       |     9 |       |       |       |       ||     9
Throw: Stone             |       |     4 |   135 |    22 |       |       |       |       |       ||   161
       Dart              |       |     2 |       |       |   111 |       |       |       |       ||   113
       Boomerang         |       |       |       |   147 |   325 |   401 |       |       |       ||   873
       Javelin           |       |       |       |       |     6 |       |       |       |       ||     6
 Cast: Confusing Touch   |       |       |       |     2 |    36 |       |     1 |       |     1 ||    40
       Dazzling Flash    |       |       |       |       |     8 |       |    25 |    48 |    11 ||    92
       Irradiate         |       |       |       |       |     4 |   187 |   246 |   151 |   556 ||  1144
       Passwall          |       |       |       |       |       |     1 |     5 |       |    10 ||    16
       Iskenderun's Myst |       |       |       |       |       |       |     1 |       |       ||     1
       Lee's Rapid Decon |       |       |       |       |       |       |    31 |    55 |   148 ||   234
       Yara's Violent Un |       |       |       |       |       |       |       |     4 |    15 ||    19
       Blink             |       |       |       |       |       |       |       |     3 |    17 ||    20
       Borgnjor's Vile C |       |       |       |       |       |       |       |       |   152 ||   152
       Malign Gateway    |       |       |       |       |       |       |       |       |    16 ||    16
       Apportation       |       |       |       |       |       |       |       |       |     7 ||     7
Invok: Temporal Distorti |       |       |       |     1 |     1 |       |       |       |       ||     2
       Slouch            |       |       |       |       |    16 |     7 |     8 |     7 |    28 ||    66
       Step From Time    |       |       |       |       |     1 |       |     1 |       |       ||     2
 Abil: Evoke Invisibilit |       |       |       |       |       |     1 |     2 |       |       ||     3
Evoke: Piece from Xom's  |     8 |    13 |       |       |       |       |       |       |       ||    21
       Wand              |     5 |    13 |     8 |    12 |    21 |    18 |    85 |     9 |    49 ||   220
       Condenser vane    |       |       |       |       |       |     6 |     8 |     8 |    15 ||    37
       Box of beasts     |       |       |       |       |       |       |     2 |       |     1 ||     3
       Lightning rod     |       |       |       |       |       |       |       |    16 |    12 ||    28
       Tin of tremorston |       |       |       |       |       |       |       |    11 |    24 ||    35
       Phial of floods   |       |       |       |       |       |       |       |     3 |     6 ||     9
       Phantom mirror    |       |       |       |       |       |       |       |       |     1 ||     1
  Use: Scroll            |       |     2 |    12 |     7 |    20 |     4 |    16 |     2 |    25 ||    88
       Potion            |       |       |       |     3 |     1 |     1 |     8 |     3 |    21 ||    37
 Stab: Sleeping          |     4 |     2 |       |       |     7 |     8 |     8 |    25 |    33 ||    87
       Petrified         |    13 |       |       |       |       |       |       |       |       ||    13
       Paralysed         |     1 |       |       |       |     3 |       |     1 |     1 |     3 ||     9
       Confused          |       |       |       |     2 |    31 |       |     2 |       |     2 ||    37
       Invisible         |       |       |       |       |     4 |     5 |    21 |    36 |     7 ||    73
       Distracted        |       |       |       |       |       |       |     3 |     1 |    11 ||    15
Armor: Leather armour    |    37 |    46 |       |       |       |       |       |       |       ||    83
       Scale mail        |       |       |   187 |       |   196 |   147 |    34 |   223 |   580 ||  1367
       Chain mail        |       |       |     6 |   280 |   232 |       |       |       |       ||   518
       Ring mail         |       |       |       |       |     8 |       |       |       |       ||     8
       Plate armour      |       |       |       |       |       |   185 |   287 |       |       ||   472
Dodge: Dodged            |    79 |    71 |   188 |   232 |   419 |   354 |   398 |   393 |  1346 ||  3480
Block: Kite shield       |       |       |       |    74 |   694 |   720 |   696 |   813 |  2599 ||  5596
       Reflection        |       |       |       |       |       |       |       |    67 |    57 ||   124
       Rpst.: Double sword |       |       |       |       |       |       |     4 |     7 |     1 ||    12
       Demon blade       |       |       |       |       |       |       |       |       |   160 ||   160

Table legend: (Time is in decaauts)
 A = Elapsed time spent in this place.
 B = Non-inter-level travel time spent in this place.
 C = Inter-level travel time spent in this place.
 D = Time resting spent in this place.
 E = Time spent auto-exploring this place.
 F = Levels seen in this place.
 G = Mean time per level.
                   A        B        C        D        E       F      G
               +--------+--------+--------+--------+--------+-----+--------+
         Total | 150682 | 136142 |  14540 |   8846 |  98344 |  56 | 2690.8 |
       Dungeon |  34973 |  29313 |   5660 |   2020 |  20907 |  15 | 2331.5 |
        Temple |     80 |     78 |      2 |      0 |      0 |   1 |   80.0 |
          Lair |  19877 |  18265 |   1612 |    357 |  14912 |   6 | 3312.8 |
         Swamp |   6780 |   6499 |    281 |    460 |   4761 |   4 | 1695.0 |
     Snake Pit |  13736 |  13075 |    661 |    741 |   9737 |   4 | 3434.0 |
  Orcish Mines |   6338 |   5236 |   1102 |    588 |   3047 |   2 | 3169.0 |
   Elven Halls |   8974 |   7827 |   1147 |   1198 |   4705 |   3 | 2991.3 |
        Vaults |  15919 |  14702 |   1217 |    599 |  11260 |   5 | 3183.8 |
         Crypt |   9540 |   9059 |    481 |    213 |   7161 |   3 | 3180.0 |
        Depths |  14353 |  13384 |    969 |    668 |  10256 |   5 | 2870.6 |
           Zot |  16864 |  15460 |   1404 |   1410 |  10482 |   5 | 3372.8 |
       Ossuary |    620 |    620 |      0 |      0 |    386 |   1 |  620.0 |
      Ice Cave |   1702 |   1702 |      0 |    381 |    727 |   1 | 1702.0 |
       Volcano |    919 |    919 |      0 |    209 |      0 |   1 |  919.0 |
               +--------+--------+--------+--------+--------+-----+--------+

Top non-repeatable levels by time:
  Lair:6: 6026 daAuts
 Crypt:3: 4995 daAuts
   Zot:5: 4693 daAuts
 Snake:3: 4620 daAuts
   Orc:1: 4395 daAuts
Depths:2: 4251 daAuts
   Zot:3: 3732 daAuts
Vaults:5: 3628 daAuts
   Zot:1: 3388 daAuts
 Snake:4: 3349 daAuts
   Elf:2: 3289 daAuts
Vaults:1: 3270 daAuts
  Lair:3: 3247 daAuts
  Lair:4: 3226 daAuts
     D:6: 3104 daAuts
